[Event "Team 45 45 League T29"]
[Site "Internet Chess Club"]
[Date "2005.12.18"]
[Round "1"]
[White "bonecore"]
[Black "kutch"]
[Result "1-0"]
[WhiteElo "1683"]
[BlackElo "1489"]
[TimeControl "2700+45"]

1. g3 d5 2. Bg2 Nf6 3. d3 c5 4. Nf3 Nc6 5. Bf4 e6 6. Nc3 Be7 7. Nb5 Qa5+ 8. Nc3
d4 9. Qd2 dxc3 10. bxc3 O-O 11. O-O b5 12. Ne5 Nxe5 13. Bxa8 Bd7 14. Bg2 Nc6 15.
Rfb1 Nd5 16. Bxd5 exd5 17. c4 Qxd2 18. Bxd2 Bf6 19. cxd5 Nd4 20. c3 Nxe2+ 21.
Kf1 Nxc3 22. Rc1 Bh3+ 23. Ke1 Re8+ 24. Be3 Nxd5 25. Rab1 Nxe3 26. fxe3 Rxe3+ 27.
Kf2 Bd4 28. Rxb5 Rxd3+ 29. Ke1 Re3+ 30. Kd2 Re8 31. Re1 Kf8 32. Rxe8+ Kxe8 33.
Rb8+ Ke7 34. Rb7+ Kf6 35. Rxa7 g5 36. Ra6+ Kg7 37. Rc6 h5 38. a4 Bd7 39. Ra6 h4
40. a5 hxg3 41. hxg3 f5 42. Ra7 f4 43. Rxd7+ Kf6 44. gxf4 gxf4 45. Rxd4 cxd4 46.
a6 f3 47. Ke1 d3 48. a7 f2+ 49. Kxf2 d2 50. Ke2 {Black resigns} 1-0  aics%

[Event "Team 45 45 League T29"]
[Site "Internet Chess Club"]
[Date "2005.12.21"]
[Round "1"]
[White "Irvin"]
[Black "Ghostblaster"]
[Result "1-0"]
[WhiteElo "1794"]
[BlackElo "1652"]
[TimeControl "2700+45"]

1. e4 e5 2. Nf3 Nc6 3. Bc4 Nf6 4. Ng5 d5 5. exd5 Na5 6. Bb5+ c6 7. dxc6 Nxc6 8.
Bxc6+ bxc6 9. d3 Bg4 10. f3 Bd7 11. Nc3 Bc5 12. Nge4 Bb6 13. Bg5 Be6 14. Qe2 Bd4
15. Qd2 Rc8 16. a3 c5 17. Nb5 Nxe4 18. fxe4 f6 19. Nxd4 cxd4 20. Bh4 O-O 21. O-O
Qc7 22. Rfc1 Qb6 23. Qb4 Rc6 24. Be1 Rfc8 25. Qxb6 axb6 26. c4 dxc3 27. Bxc3 Bb3
28. a4 Rd6 29. Ra3 Be6 30. Bd2 Rxc1+ 31. Bxc1 Bc8 32. Kf2 Kf7 33. b4 Rc6 34. Bd2
Be6 35. b5 Rc2 36. Ke2 Ke7 37. Kd1 Rc8 38. Be3 Rb8 39. Rc3 Rb7 40. Kc2 f5 41.
exf5 Bxf5 42. Kb3 Bd7 43. Kb4 Kd6 44. d4 exd4 45. Bxd4 g6 46. Be3 Kd5 47. Bf4
Bf5 48. Rc7 Rb8 49. Rd7+ Bxd7 50. Bxb8 h5 51. h4 Bf5 52. Bc7 Be4 53. g3 Bf3 54.
Bxb6 Kd6 55. a5 Kd7 56. Kc5 Kc8 57. a6 Bg2 58. Ba7 Bf1 59. Kb4 Be2 60. Ka5 Bd3
61. b6 Be4 62. b7+ Bxb7 63. axb7+ Kxb7 64. Be3 Kc6 65. Kb4 Kd5 66. Kc3 Ke4 67.
Bf4 Kf5 68. Kd4 Ke6 69. Ke4 Kf6 70. Bg5+ Ke6 71. Kf4 Kd6 72. Bf6 Ke6 73. Kg5 Kf7
74. Bc3 {Black resigns} 1-0  aics%

[Event "Team 45 45 League T29"]
[Site "Internet Chess Club"]
[Date "2005.12.15"]
[Round "1"]
[White "Smart"]
[Black "mrmarck"]
[Result "1-0"]
[WhiteElo "1600"]
[BlackElo "1477"]
[TimeControl "2700+45"]

1. Nf3 d5 2. g3 Nf6 3. Bg2 Bg4 4. d3 e6 5. O-O c6 6. Qe1 Bc5 7. e4 dxe4 8. dxe4
O-O 9. e5 Nd5 10. a3 Nd7 11. Nbd2 Qc7 12. b4 Be7 13. Bb2 a5 14. c4 N5b6 15. bxa5
Na4 16. Bc1 Rxa5 17. Nb3 Raa8 18. Bf4 Nac5 19. Qe3 Qb6 20. Nfd4 Ra4 21. Rfb1 Qa7
22. Bxc6 Nxb3 23. Rxb3 bxc6 24. Nxc6 Qxe3 25. Nxe7+ Kh8 26. Bxe3 Nxe5 27. c5 Bh3
28. Bf4 Nf3+ 29. Rxf3 Rc4 30. Bd6 {Black resigns} 1-0

[Event "Team 45 45 League T29"]
[Site "Internet Chess Club"]
[Date "2005.12.16"]
[Round "1"]
[White "Borovnia"]
[Black "fibin"]
[Result "0-1"]
[WhiteElo "1432"]
[BlackElo "1432"]
[TimeControl "2700+45"]

1. d4 d5 2. Nf3 Nc6 3. b3 Nf6 4. g3 Bg4 5. Bg2 Bxf3 6. Bxf3 e6 7. O-O Be7 8. Re1
Qd7 9. Nd2 O-O-O 10. Bb2 h5 11. e4 h4 12. e5 hxg3 13. fxg3 Nh7 14. Bg2 f6 15.
Nf3 f5 16. Bc1 g5 17. Be3 Rdf8 18. Qd2 g4 19. Ng5 Bxg5 20. Bxg5 Nxg5 21. Qxg5
Nxd4 22. Rac1 Qh7 23. Qe3 Qxh2+ 24. Kf2 f4 25. Qxd4 fxg3+ 26. Ke3 Qxg2 27. Qxg4
Qf2+ 28. Kd3 Rf3+ 29. Qxf3 Qxf3+ 30. Re3 Qf5+ 31. Kc3 Rh4 32. Kb2 g2 33. Rg1 Qf2
{White resigns} 0-1  aics%

[Event "Team 45 45 League T29"]
[Site "Internet Chess Club"]
[Date "2005.12.18"]
[Round "1"]
[White "chsrules88"]
[Black "TheBogNug"]
[Result "0-1"]
[WhiteElo "1802"]
[BlackElo "1879"]
[TimeControl "2700+45"]

1. e4 c5 2. Nf3 e6 3. d4 cxd4 4. Nxd4 Nc6 5. Nc3 a6 6. Be2 Qc7 7. Be3 Bb4 8. O-O
Nf6 9. Bf3 Bxc3 10. bxc3 Ne5 11. Bf4 Nxf3+ 12. Qxf3 e5 13. Bg5 exd4 14. Bxf6
gxf6 15. Qxf6 Rg8 16. cxd4 Qc6 17. Qf5 Qg6 18. Qe5+ Kf8 19. g3 d6 20. Qd5 Qe6
21. Qh5 Rg7 22. Qf3 Bd7 23. e5 Bc6 24. Qa3 Qd5 25. Qxd6+ Qxd6 26. exd6 Rd8 27.
c4 Rxd6 28. d5 Be8 29. Rad1 b6 30. Rd2 f6 31. Rb1 Rc7 32. Rd4 Bd7 33. Re1 Bc8
34. Rde4 a5 35. f3 Bf5 36. Re8+ Kf7 37. R1e3 Rxc4 38. g4 Bxg4 39. R3e7+ Kg6 40.
Rg8+ Kf5 41. fxg4+ Rxg4+ 42. Rxg4 Kxg4 43. Re6 Rxd5 44. Rxf6 Rd1+ 45. Kf2 Rd2+
46. Ke1 Rxh2 47. Rxb6 h5 48. Rg6+ Kf5 49. Rc6 Rxa2 50. Rc5+ Kg4 51. Rc4+ Kf3 52.
Rc3+ Kg2 53. Rc4 Kg3 54. Rc3+ Kf4 55. Rc4+ Ke3 56. Rc3+ Kd4 57. Rh3 a4 58. Rxh5
Kc3 59. Rh3+ Kb2 60. Kd1 Ra1+ 61. Kd2 Rg1 62. Rh8 Rg3 63. Rh2 a3 64. Kd1+ Kb1
65. Rh6 Rd3+ 66. Ke2 Rb3 67. Kd2 a2 68. Rh1+ Kb2 69. Ra1 Kxa1 70. Kc2 Rb8 71.
Kd3 Kb2 72. Ke3 Kc3 73. Ke4 Rd8 74. Ke5 Kc4 75. Kf6 Re8 76. Kf5 Kd4 77. Kf6 Ke4
78. Kf7 Ra8 79. Kf6 Ra6+ 80. Kg5 Ke5 81. Kg4 Rf6 82. Kg3 Ke4 83. Kg2 Rf3 84. Kg1
Ke3 85. Kg2 Ke2 86. Kg1 Rg3+ 87. Kh2 Rg7 88. Kh3 Kf3 89. Kh2 Rg6 90. Kh1 Kf2 91.
Kh2 Rh6# {White checkmated} 0-1  aics%

[Event "Team 45 45 League T29"]
[Site "Internet Chess Club"]
[Date "2005.12.16"]
[Round "1"]
[White "ActionMan"]
[Black "ValueBet"]
[Result "1-0"]
[WhiteElo "1646"]
[BlackElo "1538"]
[TimeControl "2700+45"]

1. e4 c5 2. Nf3 Nc6 3. d4 cxd4 4. Nxd4 Nf6 5. Nc3 e5 6. Nb3 Bb4 7. Bd3 d5 8.
exd5 Nxd5 9. Bd2 Nxc3 10. bxc3 Bd6 11. Be4 O-O 12. O-O Be6 13. Qf3 Rc8 14. Qg3
Qf6 15. Bg5 {Black resigns} 1-0  aics%

[Event "Team 45 45 League T29"]
[Site "Internet Chess Club"]
[Date "2005.12.18"]
[Round "1"]
[White "Zornorph"]
[Black "A-Ru"]
[Result "1/2-1/2"]
[WhiteElo "1946"]
[BlackElo "1895"]
[TimeControl "2700+45"]

1. d4 e6 2. Nf3 d5 3. e3 Bd6 4. Bd3 f5 5. Ne5 Nf6 6. f4 O-O 7. O-O c5 8. c3 c4
9. Bc2 Bd7 10. b3 b5 11. Ba3 Bxa3 12. Nxa3 Ne4 13. Bxe4 fxe4 14. b4 Be8 15. Qg4
Rf5 16. Kh1 Nd7 17. Qh3 Nb6 18. g4 Rf8 19. g5 Qe7 20. Nb1 Na4 21. a3 Bg6 22. Ra2
Bf5 23. Qg3 Qe8 24. Qh4 Nb6 25. Rg1 Bg6 26. Nd2 Bh5 27. Rg3 Nc8 28. Rh3 Bg6 29.
Nf1 Bf5 30. g6 Bxg6 31. Nxg6 hxg6 32. Rg2 Ne7 33. Qg4 Kf7 34. Rhg3 Rh8 35. h4
Rh6 36. Rh3 Nf5 37. h5 gxh5 38. Rxh5 Rxh5+ 39. Qxh5+ Ke7 40. Qg5+ Kd7 41. Rh2
Qe7 42. Qg6 Rf8 43. Kg1 Rf6 44. Qg4 Rh6 45. Kf2 Qf6 46. Rh5 Qf7 47. Rg5 Qf8 48.
Qg2 Qh8 49. Rg4 Rh3 50. Kg1 Kd6 51. Rg6 Qh5 52. Rg5 Qf3 53. Rxf5 exf5 54. Qg6+
Ke7 {Game drawn by mutual agreement} 1/2-1/2  aics%

[Event "Team 45 45 League T29"]
[Site "Internet Chess Club"]
[Date "2005.12.18"]
[Round "1"]
[White "Rookmaster"]
[Black "Knight77"]
[Result "0-1"]
[WhiteElo "1694"]
[BlackElo "1867"]
[TimeControl "2700+45"]

1. e4 c5 2. Nf3 d6 3. Bb5+ Bd7 4. Bxd7+ Qxd7 5. O-O Nc6 6. c3 Nf6 7. Re1 e5 8.
d3 Be7 9. Nbd2 O-O 10. Nf1 Nh5 11. a3 f5 12. exf5 Qxf5 13. Ne3 Qf7 14. b4 e4 15.
dxe4 Ne5 16. Nxe5 Qxf2+ 17. Kh1 dxe5 18. Rf1 Qh4 19. Kg1 Rxf1+ 20. Nxf1 Rf8 21.
Be3 Nf6 22. Bf2 Qxe4 23. Qb3+ c4 24. Qb2 a6 25. Bg3 Qd3 26. Qc1 Bd6 27. Qe3 Rd8
28. Bh4 Qg6 29. Bxf6 Qxf6 30. Rd1 Rf8 31. Ng3 Bc7 32. Rf1 Bb6 {White resigns}
0-1  aics%

[Event "Team 45 45 League T29"]
[Site "Internet Chess Club"]
[Date "2005.12.17"]
[Round "1"]
[White "tgralex"]
[Black "Kingofknights"]
[Result "0-1"]
[WhiteElo "1789"]
[BlackElo "1712"]
[TimeControl "2700+45"]

1. e4 c6 2. d4 d5 3. e5 Bf5 4. f4 h5 5. Nf3 e6 6. Bd3 Bxd3 7. Qxd3 Nh6 8. O-O
Nf5 9. a3 c5 10. dxc5 Bxc5+ 11. Kh1 Nc6 12. b4 Bb6 13. Nc3 a6 14. Na4 Ba7 15.
Nc5 Qe7 16. c4 Bxc5 17. cxd5 Ba7 18. dxc6 h4 19. cxb7 Ng3+ {White resigns} 0-1 
aics%

[Event "Team 45 45 League T29"]
[Site "Internet Chess Club"]
[Date "2005.12.19"]
[Round "1"]
[White "DaveTheRook"]
[Black "tammany"]
[Result "1-0"]
[WhiteElo "1700"]
[BlackElo "1609"]
[TimeControl "2700+45"]

1. e4 c5 2. Nf3 e6 3. d4 cxd4 4. Nxd4 Nc6 5. Nc3 a6 6. Be3 Nf6 7. f3 Nxd4 8.
Qxd4 Qc7 9. O-O-O h6 10. Qb6 Qc6 11. Be2 Be7 12. g4 Nh7 13. a3 Bg5 14. Qd4 Bxe3+
15. Qxe3 b5 16. Rd2 O-O 17. Rhd1 f5 18. exf5 exf5 19. Rd6 f4 20. Qe7 Qc5 21. Nd5
Rf7 22. Qe8+ Rf8 23. Qg6 Nf6 24. Ne7+ Kh8 25. Nf5 Rg8 26. h4 Ne8 27. Kb1 Nxd6
28. Nxd6 Rf8 29. Bd3 {Black resigns} 1-0  aics%

[Event "Team 45 45 League T29"]
[Site "Internet Chess Club"]
[Date "2005.12.13"]
[Round "1"]
[White "f5"]
[Black "NotSoGreat"]
[Result "1-0"]
[WhiteElo "2289"]
[BlackElo "2075"]
[TimeControl "2700+45"]

1. e4 c5 2. Nc3 Nc6 3. g3 d6 4. Bg2 e6 5. d3 g6 6. Be3 Bg7 7. Qd2 Bd7 8. Nge2
Nd4 9. Nc1 Qf6 10. f4 h5 11. h3 Bc6 12. O-O Ne7 13. Nd1 Nb5 14. c3 Bh6 15. Nb3
b6 16. a4 Nc7 17. d4 c4 18. e5 Qg7 19. exd6 cxb3 20. dxe7 Nd5 21. c4 Nxe7 22. d5
Bb7 23. dxe6 Bxg2 24. Qd7+ Kf8 25. Bd4 f6 26. Kxg2 Nf5 27. Qd5 Re8 28. Ne3 Nxd4
29. Qxd4 Rxe6 30. Nd5 f5 31. Qd2 Qd7 32. Rfe1 Rh7 33. Rxe6 Qxe6 34. Re1 Qc6 35.
Qb4+ Qc5 36. Qxb3 Rd7 37. Qe3 Qxe3 38. Rxe3 Bg7 39. b3 Kf7 40. Kf3 Bd4 41. Rd3
Bc5 42. Nb4 Rc7 43. Na6 Rb7 44. Rd5 Be7 45. h4 Ke6 46. Ke2 Rd7 47. Re5+ Kf6 48.
c5 bxc5 49. Nxc5 Rc7 50. Nd3 Bd6 51. Ra5 Rb7 52. Ra6 Ke7 53. b4 Bxb4 54. Rxg6
Bc3 55. Rh6 Bg7 56. Rxh5 Kf6 57. Rg5 Re7+ 58. Kd2 Re8 59. Ne5 Bf8 60. Rg6+ Ke7
61. Ra6 Rd8+ 62. Ke2 Ra8 63. Ng6+ Kf7 64. Nxf8 Kxf8 65. Ra5 Kg7 66. Rxf5 Rb8 67.
Kf3 Kg6 68. Rc5 Rb6 69. a5 Rd6 70. g4 Rd3+ 71. Ke4 Ra3 72. h5+ Kg7 73. g5 Ra1
74. Rc7+ Kg8 75. Rxa7 Ra4+ 76. Kf5 Rxa5+ 77. Rxa5 Kf7 78. Ra7+ Ke8 79. h6 Kd8
80. h7 {Black resigns} 1-0

[Event "Team 45 45 League T29"]
[Site "Internet Chess Club"]
[Date "2005.12.19"]
[Round "1"]
[White "billarvola"]
[Black "MiroslavR"]
[Result "1/2-1/2"]
[WhiteElo "2012"]
[BlackElo "1962"]
[TimeControl "2700+45"]

1. d4 Nf6 2. Nf3 g6 3. c4 Bg7 4. Nc3 O-O 5. e4 d6 6. Be2 e5 7. O-O Nc6 8. d5 Ne7
9. Ne1 Nd7 10. f3 f5 11. g4 Kh8 12. Nd3 Ng8 13. Be3 a5 14. c5 f4 15. Bf2 h5 16.
cxd6 cxd6 17. h3 Rf7 18. Kg2 Bf8 19. Rc1 b6 20. Nb5 Nc5 21. Nxc5 bxc5 22. Na3
Rh7 23. Nc4 Raa7 24. Qd2 Be7 25. Rh1 Nh6 26. Rcg1 Bd7 27. Bd3 Nf7 28. Qe1 a4 29.
Qd1 Qb8 30. Be1 Bd8 31. Bc3 Bc7 32. Qc1 g5 33. Kf2 h4 34. Qd2 Qa8 35. Rc1 Kg7
36. Na3 Qb7 37. Qe2 Rh8 38. Bb5 Bb6 39. Bxd7 Qxd7 40. Nc4 Rb8 41. Rhd1 Kf6 42.
Na3 Nd8 {Game drawn by mutual agreement} 1/2-1/2  aics%

[Event "Team 45 45 League T29"]
[Site "Internet Chess Club"]
[Date "2005.12.24"]
[Round "1"]
[White "Gandalf"]
[Black "nminwalla"]
[Result "0-1"]
[WhiteElo "1902"]
[BlackElo "1973"]
[TimeControl "2700+45"]

1. d4 d5 2. Nf3 Nf6 3. Bg5 e6 4. e3 c5 5. Nbd2 Be7 6. c3 Nbd7 7. Bd3 b6 8. Ne5
Nxe5 9. dxe5 Nd7 10. Bxe7 Qxe7 11. f4 Bb7 12. O-O f6 13. Qh5+ Qf7 14. Qxf7+ Kxf7
15. e4 Rad8 16. Rad1 fxe5 17. exd5 Bxd5 18. fxe5+ Ke7 19. Rfe1 Bxa2 20. Ra1 Nxe5
21. Rxa2 Nxd3 22. Rxa7+ Rd7 23. Rxd7+ Kxd7 24. Rf1 Ke7 25. Nc4 b5 26. Na3 b4 27.
Nc4 Rd8 28. Rf3 e5 29. Kf1 Ke6 30. g3 e4 31. Re3 Kd5 32. Nd2 bxc3 33. Nxe4 cxb2
34. Rxd3+ Kc4 {White resigns} 0-1  aics%

[Event "Team 45 45 League T29"]
[Site "Internet Chess Club"]
[Date "2005.12.21"]
[Round "1"]
[White "kabindra"]
[Black "rayonline53"]
[Result "1-0"]
[WhiteElo "1830"]
[BlackElo "1736"]
[TimeControl "2700+45"]

1. e4 c6 2. d4 d5 3. exd5 cxd5 4. Nc3 Nf6 5. Bg5 e6 6. a3 Be7 7. Nf3 Nbd7 8. Bd3
O-O 9. Qd2 a6 10. O-O b5 11. Rad1 Bb7 12. Rfe1 Nb6 13. Ne5 Nc4 14. Nxc4 dxc4 15.
Bxf6 Bxf6 16. Be4 Bd5 17. Nxd5 exd5 18. Bf3 Ra7 19. c3 Rd7 20. Qf4 g6 21. Bg4
Re7 22. Rxe7 Qxe7 23. Bf3 Rd8 24. Kf1 Qd6 25. Qxd6 Rxd6 26. g3 Kf8 27. h4 Ke7
28. Ke2 Re6+ 29. Kd2 Kd6 30. Bg4 Re8 31. Ra1 Bg7 32. Kc2 f5 33. Bf3 a5 34. b3
Kc6 35. bxc4 bxc4 36. Rb1 Bf6 37. a4 Bd8 38. Rb5 Bc7 39. Bxd5+ Kd6 40. Bxc4 Re1
41. Rb1 Re7 42. f4 Re3 43. Rg1 Bd8 44. Bg8 Re7 45. Kd2 Rb7 46. Re1 Rg7 47. Bc4
Rb7 48. Bb5 Be7 49. Kd3 Bf6 50. c4 Rb8 51. d5 Bb2 52. Re6+ Kc5 53. d6 {Black
resigns} 1-0  aics%

[Event "Team 45 45 League T29"]
[Site "Internet Chess Club"]
[Date "2005.12.22"]
[Round "1"]
[White "MoneyGame"]
[Black "achessman"]
[Result "1-0"]
[WhiteElo "2381"]
[BlackElo "2057"]
[TimeControl "2700+45"]

1. d4 d5 2. c4 c6 3. Nf3 e6 4. Bg5 Nf6 5. Nbd2 Be7 6. e3 Nbd7 7. Bd3 O-O 8. Rc1
dxc4 9. Nxc4 Nd5 10. Bxe7 Qxe7 11. O-O c5 12. e4 Nf4 13. e5 Rd8 14. g3 Nxd3 15.
Qxd3 b6 16. Qe4 Ba6 17. Rfd1 cxd4 18. Nxd4 Nc5 19. Qe3 Bxc4 20. Rxc4 Rd5 21.
Rdc1 Qd7 22. b4 Na6 23. Nc6 Rd1+ 24. Rxd1 Qxd1+ 25. Kg2 Qd5+ 26. Qe4 Qxe4+ 27.
Rxe4 Nc7 28. Rd4 Nd5 29. b5 Kf8 30. Rd3 a6 31. Ra3 a5 32. f4 Rc8 33. Rb3 Ne7 34.
Nd4 Rc4 35. Rd3 Nd5 36. f5 Nb4 37. Rd2 Ke7 38. Kf3 exf5 39. Nxf5+ Ke6 40. Ne3
Rc5 41. Rd6+ Kxe5 42. Rxb6 Rc3 43. Rb8 Nd5 44. Re8+ Kd4 45. Re4+ Kc5 46. a4 f6
47. h4 Nb6 48. Re7 Nxa4 49. Rxg7 Kxb5 50. Rxh7 Nb6 51. Ke4 a4 52. Rb7 Rc5 53.
Ra7 Kb4 54. Kd4 Rc8 55. Rb7 Rd8+ 56. Ke4 Rd6 57. Nd5+ Kb3 58. Nxb6 Re6+ 59. Kf5
Re5+ 60. Kxf6 Rb5 61. Nxa4 {Black resigns} 1-0  aics%

[Event "Team 45 45 League T29"]
[Site "Internet Chess Club"]
[Date "2005.12.16"]
[Round "1"]
[White "Nomad"]
[Black "gracey"]
[Result "1/2-1/2"]
[WhiteElo "1980"]
[BlackElo "2025"]
[TimeControl "2700+45"]

1. e4 e5 2. Nf3 d6 3. Bc4 Be7 4. O-O Nf6 5. Nc3 Nc6 6. h3 Na5 7. d3 Nxc4 8. dxc4
O-O 9. Qe2 c6 10. Rd1 Qa5 11. a3 Be6 12. Ng5 Bd7 13. Nf3 Rfd8 14. Bg5 Be6 15.
Be3 Qa6 16. b3 Qa5 17. Rd3 Rac8 18. a4 d5 {Game drawn by mutual agreement}
1/2-1/2  aics%

[Event "Team 45 45 League T29"]
[Site "Internet Chess Club"]
[Date "2005.12.17"]
[Round "1"]
[White "tourettes"]
[Black "mike0897"]
[Result "0-1"]
[WhiteElo "1813"]
[BlackElo "1785"]
[TimeControl "2700+45"]

1. e4 c5 2. Nc3 Nc6 3. g3 g6 4. Bg2 Bg7 5. Nge2 Nd4 6. O-O d6 7. d3 Nf6 8. Be3
Ng4 9. Bd2 O-O 10. h3 Ne5 11. f4 Nec6 12. a3 a6 13. Qc1 Rb8 14. g4 e6 15. Ng3
Bd7 16. Rb1 b5 17. Nce2 a5 18. Qd1 a4 19. Kh2 b4 20. c3 Nb3 21. Be3 bxc3 22.
bxc3 Na7 23. d4 Nb5 24. dxc5 Nxa3 25. Qxd6 Nxb1 26. Rxb1 a3 27. Nc1 Ba4 28. e5
Qxd6 29. cxd6 Nxc1 30. Rxc1 Rb2 31. Kh1 a2 32. Be4 Rfb8 33. c4 Rb1 34. c5 Rxc1+
35. Bxc1 a1=Q 36. Ne2 Rc8 37. Bb7 Rxc5 {White resigns} 0-1  aics%

[Event "Team 45 45 League T29"]
[Site "Internet Chess Club"]
[Date "2005.12.17"]
[Round "1"]
[White "fileman"]
[Black "Burning-Bush"]
[Result "0-1"]
[WhiteElo "1917"]
[BlackElo "2085"]
[TimeControl "2700+45"]

1. e4 c5 2. Nf3 e6 3. d4 cxd4 4. Nxd4 a6 5. Nc3 Qc7 6. Be2 Nf6 7. O-O Nc6 8. a3
h6 9. Be3 b5 10. Qd2 b4 11. axb4 Bxb4 12. f3 Ne5 13. Bd3 Bb7 14. Nde2 d5 15.
exd5 Nxd5 16. Bd4 Nxc3 17. Bxc3 Bxc3 18. Nxc3 Rd8 19. Qf4 Qb6+ 20. Kh1 Nxd3 21.
cxd3 Rxd3 22. Qa4+ Ke7 23. Qa3+ Qd6 24. Qb3 Rb8 25. Qc4 Rd4 26. Qa2 Qb4 27. Qa3
Rbd8 28. Ne2 Qxa3 29. bxa3 Rd2 30. Nc3 R8d3 31. Na4 Rc2 32. Rfb1 Bc6 33. Nb6
Rdd2 34. Rg1 Bxf3 {White resigns} 0-1  aics%

[Event "Team 45 45 League T29"]
[Site "Internet Chess Club"]
[Date "2005.12.16"]
[Round "1"]
[White "PaulKaspar"]
[Black "LoseOften"]
[Result "1-0"]
[WhiteElo "1922"]
[BlackElo "1782"]
[TimeControl "2700+45"]

1. e4 c5 2. Nf3 d6 3. Bd3 Nc6 4. O-O Nf6 5. c3 Bg4 6. Bc2 Ne5 7. Ba4+ Nfd7 8.
Nxe5 Be6 9. Nxd7 Bxd7 10. Bxd7+ Qxd7 11. d4 b6 12. Bf4 g6 13. Nd2 Bg7 14. Nf3
O-O 15. e5 d5 16. Rc1 c4 17. b3 cxb3 18. axb3 Rfc8 19. Qd2 b5 20. Bh6 Bh8 21.
Rfe1 f5 22. exf6 Bxf6 23. Qe3 Rc6 24. Ne5 Bxe5 25. Qxe5 e6 26. Re3 b4 27. Rf3
Rac8 28. Qf6 bxc3 29. Qf8+ {Black resigns} 1-0  aics%

[Event "Team 45 45 League T29"]
[Site "Internet Chess Club"]
[Date "2005.12.19"]
[Round "1"]
[White "BillyNoMates"]
[Black "viking99"]
[Result "1/2-1/2"]
[WhiteElo "1854"]
[BlackElo "1827"]
[TimeControl "2700+45"]

1. e4 e6 2. d4 d5 3. e5 c5 4. Nf3 Nc6 5. Bd3 Qb6 6. O-O Bd7 7. Nbd2 Nxd4 8. Nxd4
cxd4 9. Qe2 Ne7 10. Nb3 Nc6 11. a3 Be7 12. Kh1 Rc8 13. f4 g6 14. g4 h5 15. f5
hxg4 16. fxg6 fxg6 17. Bf4 g5 18. Bg3 Kd8 19. Qxg4 Kc7 20. a4 a5 21. Rf7 Rcf8
22. Raf1 Rxf7 23. Rxf7 Qb4 24. Bb5 Nd8 25. Bxd7 Kxd7 26. Rg7 d3 27. Qxb4 axb4
28. cxd3 Nc6 29. Nc5+ Kc8 30. Nxe6 Rh5 31. Kg2 g4 32. d4 b3 33. Rxg4 Ba3 34. Nc5
Bxc5 35. dxc5 Nxe5 36. Rb4 Nd3 37. Rxb3 Nxc5 38. Rc3 d4 39. Rc4 Rd5 40. b4 d3
41. Bf4 d2 42. Bxd2 Rxd2+ 43. Kg3 b6 44. bxc5 bxc5 45. Rxc5+ Kd7 46. Rf5 Ke6 47.
Rf4 Ke5 48. h3 Rd1 49. Rf2 Ra1 50. Rf4 Rg1+ 51. Kf2 Ra1 52. Rg4 Ra3 53. Kg2 Kf5
54. Rb4 Kg5 55. h4+ Kh5 56. Kf2 Kg6 57. Ke2 Kf6 58. Kd2 Ke6 59. Kc2 Kd6 60. Kb2
Rh3 61. a5 Kc5 62. Rg4 Kb5 63. Rg5+ Kb4 {Game drawn by mutual agreement} 1/2-1/2
 aics%